 Dungeon Crawl Stone Soup version 0.24-a0-11-g46ee55f (webtiles) character file.

Game seed: 14188754269793863402

17757 Firecrotchwizard the Nimble (level 12, -10/70 (72) HPs)
             Began as a Deep Elf Fire Elementalist on Feb 1, 2019.
             Was a Follower of Sif Muna.
             Mangled by a tyrant leech (16 damage)
             ... on level 6 of the Lair of Beasts.
             The game lasted 00:42:31 (23284 turns).

Firecrotchwizard the Nimble (DEFE)                 Turns: 23284, Time: 00:42:32

HP:   -10/70 (72)   AC:  9    Str:  5    XL:     12   Next: 21%
MP:   16/24         EV: 20    Int: 26    God:    Sif Muna [*.....]
Gold: 477           SH:  6    Dex: 20    Spells: 6/25 levels left

rFire    . . .     SeeInvis .   F - +6 trident (pierce)
rCold    . . .     Gourm    .   M - +0 buckler
rNeg     . . .     Faith    .   a - +0 robe
rPois    .         Spirit   .   t - +0 helmet
rElec    .         Reflect  .   m - +2 cloak
rCorr    .         Harm     .   r - +0 pair of gloves
MR       +....                  A - +0 pair of boots
Stlth    ++........             (no amulet)
HPRegen  0.21/turn              H - +5 ring of dexterity
MPRegen  0.19/turn              p - +1 ring of protection

@: slowed, very slow
A: no striking features
a: Divine Energy, Renounce Religion


You were on level 6 of the Lair of Beasts.
You worshipped Sif Muna.
Sif Muna was aware of your devotion.
You were not hungry.

You visited 3 branches of the dungeon, and saw 15 of its levels.

You collected 677 gold pieces.
You spent 200 gold pieces at shops.

Inventory:

Hand Weapons
 i - a +1 dagger of speed
   (You found it on level 1 of the Dungeon)
 o - a +2 dagger of speed
   (You found it on level 2 of the Dungeon)
 v - a +2 whip of venom
   (You took it off an orc on level 3 of the Dungeon)
 w - a +2 trident of protection
   (You took it off an orc on level 4 of the Dungeon)
 F - a +6 trident of piercing (weapon)
   (You took it off an orc warrior on level 6 of the Dungeon)
Armour
 a - a +0 robe (worn)
 m - a +2 cloak (worn)
   (You found it on level 2 of the Dungeon)
 r - a +0 pair of gloves (worn)
   (You found it on level 3 of the Dungeon)
 t - a +0 helmet (worn)
   (You took it off Robin on level 3 of the Dungeon)
 A - a +0 pair of boots (worn)
   (You found it on level 2 of the Lair of Beasts)
 G - a scarf of cloud immunity
   (You found it on level 7 of the Dungeon)
 M - a +0 buckler (worn)
   (You took it off a gnoll sergeant on level 8 of the Dungeon)
Jewellery
 e - an uncursed ring of protection from magic {MR+, !d}
   (You found it on level 1 of the Dungeon)
 p - a +1 ring of protection (right hand)
   (You found it on level 1 of the Lair of Beasts)
 H - a +5 ring of dexterity (left hand)
   (You found it on level 10 of the Dungeon)
 K - an uncursed ring of ice {rC+, rF-}
   (You took it off Fannar on level 1 of the Lair of Beasts)
Wands
 x - a wand of enslavement (12)
   (You found it on level 5 of the Dungeon)
 y - a wand of random effects (12)
   (You found it on level 6 of the Dungeon)
 C - a wand of iceblast (7)
   (You took it off a wight on level 6 of the Dungeon)
 I - a wand of digging (4)
   (You found it on level 8 of the Dungeon)
 J - a wand of flame (20)
   (You took it off an orc on level 8 of the Dungeon)
 L - a wand of polymorph (13)
   (You found it on level 3 of the Lair of Beasts)
Scrolls
 d - 6 scrolls of identify
 h - 3 scrolls of fear
 j - 3 scrolls of teleportation
 q - 3 scrolls of magic mapping {!r}
 s - 2 scrolls of immolation {!r}
 D - a scroll of fog
 E - 2 scrolls of remove curse
Potions
 b - 2 potions of resistance
 f - 6 potions of mutation {!q}
 g - 2 potions of flight
 k - 2 potions of agility
 l - 2 potions of cancellation
 n - a potion of lignification {!q}
 u - 2 potions of brilliance
 z - 4 potions of curing
 B - a potion of heal wounds
Comestibles
 c - 10 rations


   Skills:
 + Level 7.3 Fighting
 * Level 6.9 Polearms
 - Level 9.4 Dodging
 - Level 2.4 Stealth
 - Level 4.0 Shields
 - Level 7.0 Spellcasting
 - Level 9.0 Conjurations
 - Level 4.9 Translocations
 - Level 9.0 Fire Magic


You had 6 spell levels left.
You knew the following spells:

 Your Spells              Type           Power        Failure   Level  Hunger
a - Flame Tongue          Conj/Fire      #####        1%          1    None
b - Magic Dart            Conj           ####         1%          1    None
c - Conjure Flame         Conj/Fire      ######..     1%          3    None
d - Blink                 Tloc           N/A          1%          2    None
f - Fireball              Conj/Fire      ######....   4%          5    #####..
s - Sticky Flame          Conj/Fire      ######..     1%          4    ###....
x - Mephitic Cloud        Conj/Pois/Air  ###.....     5%          3    None

Your spell library contained the following spells:

 Spells                   Type           Power        Failure   Level  Hunger
 Throw Flame              Conj/Fire      ######       1%          2    None
 Inner Flame              Hex/Fire       ####....     3%          3    None
 Call Imp                 Summ           #.......     10%         2    None
 Slow                     Hex            #.......     10%         2    None


Dungeon Overview and Level Annotations

Branches:
Dungeon (10/15)            Temple (1/1) D:6            Lair (6/6) D:9
    Orc (0/2) D:10
  Swamp: Lair:2-4    Shoals: Lair:2-4     Snake: Lair:2-4    Spider: Lair:2-4
  Slime: Lair:5-6

Altars:
Ashenzari
Cheibriados
Dithmenos
Elyvilon
Fedhas
Gozag
Hepliaklqana
Kikubaaqudgha
Makhleb
Nemelex Xobeh
Okawaru
Qazlal
Ru
Sif Muna
Trog
Uskayaw
Vehumet
Wu Jian
Xom
Yredelemnul
Zin
The Shining One

Shops:
D:6 :

Annotations:
D:3 1 runed translucent door, exclusion: Crazy Yiuf, Crazy Yiuf, Grinder, Ijyb, Terence
D:5 2 transporters, kmckee24's ghost, novice HOFi
D:6 exclusion: Dowan, Dowan
D:7 2 transporters, SFR's ghost, novice HuSk
Lair:2 exclusions: blink frog and 2 electric eels
Lair:6 1 runed translucent door, exclusion: hydra


Message History

You kill the torpor snail!
Sif Muna accepts your kill.
You feel yourself speed up.
You are near starving!
You start resting.
A tyrant leech comes into view.
You regained 2 hp, and now have 53/70 hp.
You regained 2 mp, and now have 15/24 mp.
A tyrant leech is nearby!
You eat one of the 11 rations.
That ration really hit the spot!
No target in view!
No target in view!
Autochopping corpse.
The hornet corpse isn't edible.
No target in view!
You start resting.
The tyrant leech is too close now for your liking.
A tyrant leech is nearby!
Attack whom?
Aim: a tyrant leech You reach to attack!
You barely miss the tyrant leech.
You hit the tyrant leech but do no damage.
The tyrant leech bites you!
The tyrant leech draws strength from your injuries!
You take 11 damage, and have 43/70 hp.
You are too injured to fight recklessly!
Unknown command.
Aim: a tyrant leech The sticky flame hits the tyrant leech.
The tyrant leech is covered in liquid flames!
The tyrant leech burns!
The tyrant leech misses you.
You now have 12/24 mp.
You hit the tyrant leech.
The tyrant leech burns!
You barely miss the tyrant leech.
The tyrant leech burns!
You block the tyrant leech's attack.
You barely miss the tyrant leech. You block the tyrant leech's attack.
You closely miss the tyrant leech.
The tyrant leech burns!
The tyrant leech misses you.
You puncture the tyrant leech!
The tyrant leech burns!
Aim: a tyrant leech (severely wounded, covered in liquid flames)
The sticky flame hits the tyrant leech.
The tyrant leech is covered in liquid flames!
The tyrant leech burns!
The tyrant leech completely misses you.
You now have 9/24 mp.
You hit the tyrant leech but do no damage.
You hear the slow rumble of a very distant avalanche of rocks.
The tyrant leech burns!
You block the tyrant leech's attack.
You puncture the tyrant leech!
The tyrant leech burns!
The tyrant leech bites you.
The tyrant leech draws strength from your injuries!
You take 4 damage, and have 41/70 hp.
You puncture the tyrant leech!
You kill the tyrant leech!
Sif Muna accepts your kill.
You start resting.
You hear the rumble of a very distant avalanche of rocks.
You regained 10 hp, and now have 52/70 hp.
You regained 9 mp, and now have 19/24 mp.
You start resting.
A tyrant leech comes into view.
You start resting.
A torpor snail comes into view.
Being near the torpor snail leaves you feeling lethargic.
You regained 2 hp, and now have 55/70 hp.
You regained 2 mp, and now have 22/24 mp.
You feel yourself speed up.
Being near the torpor snail leaves you feeling lethargic.
MP restored: 24
Aim: a tyrant leech The flame tongue hits the tyrant leech but does no damage.
You now have 23/24 mp.
Aim: a tyrant leech The flame tongue misses the tyrant leech.
You now have 22/24 mp.
Aim: a tyrant leech The sticky flame hits the tyrant leech.
The tyrant leech is covered in liquid flames!
The tyrant leech burns!
The tyrant leech barely misses you. The tyrant leech bites you!!
The tyrant leech draws strength from your injuries!
You take 25 damage, and have 33/70 hp.
MASSIVE DAMAGE!!
You now have 19/24 mp.
The tyrant leech burns! x2
Aim: a tyrant leech (lightly wounded, covered in liquid flames)
The sticky flame hits the tyrant leech.
The tyrant leech is covered in liquid flames!
The tyrant leech burns!
The tyrant leech closely misses you. The torpor snail bites you!!
* * * LOW HITPOINT WARNING * * *
You take 18 damage, and have 15/70 hp.
MASSIVE DAMAGE!!
You now have 15/24 mp.
You puncture the tyrant leech!
The tyrant leech burns!
You block the tyrant leech's attack. The torpor snail bites you!
* * * LOW HITPOINT WARNING * * *
You take 9 damage, and have 6/70 hp.
You closely miss the tyrant leech.
The tyrant leech burns! x2
The tyrant leech bites you!
You die... ##..##..#####.### ######### #### ##..## #.?..# ##...)# #.....## #$.. #.....# PPP.#

#ww# .P..####
###@P#
#...#.####...##
#...#.##...##
##.P..#...##
##.......###
####......#.#
#.#....######
##....†##
.....#..#


You could see a tyrant leech (burning) and a torpor snail.

Vanquished Creatures
  Fannar (Lair:1)
  A two-headed ogre (D:10)
  Pikel (D:9)
  2 torpor snails (Lair:6)
  4 spiny frogs
  A rime drake (Lair:1)
  3 komodo dragons
  A queen bee (D:7)
  2 hornets
  A tyrant leech (Lair:6)
  6 blink frogs
  5 hippogriffs
  8 spriggans (Lair:3)
  11 yaks (Lair:2)
  3 basilisks
  2 hungry ghosts (D:10)
  2 water moccasins
  2 porcupines
  4 orc warriors
  2 sky beasts
  3 phantoms
  A necrophage (D:8)
  An eye of draining (D:10)
  A black bear (D:10)
  An ogre (D:5)
  6 centaurs
  4 big kobolds
  7 crocodiles
  A gnoll sergeant (D:8)
  12 bullfrogs
  A wyvern zombie (D:8)
  A scorpion (D:7)
  A water moccasin skeleton (D:5)
  21 killer bees
  9 wights
  4 howler monkeys
  An electric eel (Lair:6)
  A quasit (D:5)
  5 centaur zombies
  A gnoll shaman (D:9)
  3 bullfrog zombies (D:5)
  5 hounds
  4 bullfrog skeletons
  A jelly (D:10)
  8 orc priests
  9 orc wizards
  A centaur skeleton (D:7)
  An iguana (D:7)
  3 worker ants
  A hound zombie (D:5)
  A hound skeleton (D:7)
  Robin (D:3)
  4 worker ant zombies
  12 gnolls
  A howler monkey skeleton (D:8)
  7 adders
  A shadow imp (D:7)
  3 oozes
  3 adder skeletons
  3 adder zombies
  3 worms (D:4)
  2 dart slugs
  5 leopard geckos
  69 orcs
  5 giant cockroaches
  7 hobgoblins
  3 jackals (D:6)
  7 quokkas
  A ball python (D:1)
  3 bats
  4 frilled lizards
  12 goblins
  3 jackal skeletons
  A jackal zombie (D:5)
  19 kobolds
  2 quokka zombies (D:5)
  5 rats
  A plant (Lair:6)
368 creatures vanquished.

Vanquished Creatures (others)
  9 fungi (Lair:6)
  13 plants
22 creatures vanquished.

Grand Total: 390 creatures vanquished

Notes
Turn   | Place    | Note
-------+----------+-------------------------------------------
     0 | D:1      | Firecrotchwizard the Deep Elf Fire Elementalist began the
                  | quest for the Orb.
     0 | D:1      | Reached XP level 1. HP: 10/10 MP: 6/6
   126 | D:1      | HP: 2/10 [frilled lizard (1)]
   533 | D:1      | Reached XP level 2. HP: 15/15 MP: 4/8
   683 | D:1      | Reached skill level 2 in Conjurations
  1499 | D:2      | Found a shadowy altar of Dithmenos.
  1509 | D:2      | Reached XP level 3. HP: 12/19 MP: 5/10
  2238 | D:2      | Reached skill level 3 in Conjurations
  2609 | D:3      | Reached XP level 4. HP: 22/24 MP: 11/11
  2699 | D:3      | Learned a level 3 spell: Conjure Flame
  2701 | D:3      | Reached skill level 4 in Fire Magic
  2707 | D:3      | Learned a level 4 spell: Sticky Flame
  2719 | D:3      | Reached skill level 4 in Spellcasting
  2851 | D:3      | Noticed Grinder
  3171 | D:3      | Noticed Terence
  3495 | D:3      | Reached XP level 5. HP: 22/28 MP: 7/13
  3606 | D:3      | Noticed Robin
  3616 | D:3      | Killed Robin
  3616 | D:3      | Reached skill level 4 in Conjurations
  3668 | D:3      | Noticed Ijyb
  3821 | D:3      | Found a runed translucent door.
  3822 | D:3      | Noticed Crazy Yiuf
  4563 | D:4      | Found a glowing golden altar of the Shining One.
  4777 | D:4      | Reached XP level 6. HP: 25/32 MP: 11/15
  4797 | D:4      | Reached skill level 5 in Spellcasting
  5019 | D:4      | Reached skill level 5 in Conjurations
  5394 | D:4      | Reached skill level 5 in Fire Magic
  5824 | D:5      | Entered Level 5 of the Dungeon
  6309 | D:5      | Reached XP level 7. HP: 36/36 MP: 12/17
  6363 | D:5      | Reached skill level 6 in Spellcasting
  6967 | D:5      | Reached skill level 6 in Conjurations
  6967 | D:5      | Reached skill level 6 in Fire Magic
  7055 | D:5      | Reached skill level 7 in Spellcasting
  7460 | D:5      | Reached XP level 8. HP: 31/42 MP: 14/20
  7522 | D:5      | Reached skill level 1 in Fighting
  8134 | D:5      | Reached skill level 7 in Conjurations
  8332 | D:5      | Found a transporter.
  8332 | D:5      | Found a transporter.
  8332 | D:5      | Noticed a hornet
  8354 | D:5      | Noticed kmckee24's ghost (novice HOFi)
  8473 | D:6      | Noticed Dowan
  8558 | D:6      | Found a staircase to the Ecumenical Temple.
  8568 | Temple   | Entered the Ecumenical Temple
  8934 | D:6      | Reached skill level 2 in Fighting
  8934 | D:6      | Reached skill level 7 in Fire Magic
  9289 | D:6      | Found Garyh's Book Shoppe.
  9302 | D:6      | Bought a book of Minor Magic for 200 gold pieces
  9304 | D:6      | Learned a level 1 spell: Magic Dart
  9310 | D:6      | Learned a level 5 spell: Fireball
  9313 | D:6      | Learned a level 2 spell: Blink
  9461 | D:6      | Reached skill level 1 in Translocations
  9828 | D:6      | Reached skill level 3 in Fighting
  9955 | D:6      | Reached skill level 2 in Translocations
 10122 | D:7      | Found a blossoming altar of Fedhas.
 10138 | D:7      | Reached XP level 9. HP: 30/50 MP: 16/21
 10324 | D:6      | HP: 12/51 [orc warrior/+6 trident (15)]
 10325 | D:6      | HP: 5/51 [orc/+0 flail (7)]
 10326 | D:6      | HP: 2/51 [orc/+0 flail (3)]
 10586 | D:7      | Reached skill level 8 in Conjurations
 10606 | D:7      | Reached skill level 8 in Fire Magic
 10616 | D:7      | Reached skill level 3 in Translocations
 10626 | D:7      | HP: 10/51 [centaur (3)]
 10677 | D:7      | HP: 8/51 [centaur/arrow (11)]
 10678 | D:7      | HP: 3/51 [centaur/arrow (5)]
 11231 | D:7      | Found a transporter.
 11240 | D:7      | Noticed SFR's ghost (novice HuSk)
 11255 | D:7      | Found a transporter.
 11898 | D:7      | Reached skill level 4 in Fighting
 12068 | D:8      | Reached skill level 4 in Translocations
 12072 | D:8      | HP: 7/52 [gnoll sergeant/+0 trident (7)]
 12074 | D:7      | HP: 1/52 [worker ant (3)]
 12079 | D:7      | HP: 19/78 [poisoned by a worker ant]
 12084 | D:7      | HP: 11/78 [worker ant (3)]
 12091 | D:7      | HP: 9/78 [poisoned by a worker ant]
 12099 | D:7      | HP: 9/78 [poisoned by a worker ant]
 12385 | D:7      | Learned a level 3 spell: Mephitic Cloud
 12467 | D:7      | HP: 12/52 [poisoned by a killer bee]
 12472 | D:7      | HP: 8/52 [poisoned by a killer bee]
 12477 | D:7      | HP: 5/52 [poisoned by a killer bee]
 12483 | D:7      | HP: 3/52 [poisoned by a killer bee]
 12489 | D:7      | HP: 2/52 [poisoned by a killer bee]
 12497 | D:7      | HP: 1/52 [poisoned by a killer bee]
 13016 | D:8      | Reached skill level 9 in Conjurations
 13018 | D:8      | Reached skill level 9 in Fire Magic
 13021 | D:8      | HP: 12/52 [bullfrog (9)]
 13022 | D:8      | HP: 4/52 [bullfrog (4)]
 13405 | D:8      | Noticed a queen bee
 13417 | D:7      | Killed a queen bee
 13417 | D:7      | Reached skill level 3 in Dodging
 13417 | D:7      | Reached XP level 10. HP: 20/58 MP: 17/22
 13425 | D:7      | HP: 14/58 [poisoned by a queen bee]
 13431 | D:7      | HP: 12/58 [poisoned by a queen bee]
 13437 | D:7      | HP: 11/58 [poisoned by a queen bee]
 13445 | D:7      | HP: 11/58 [poisoned by a queen bee]
 13733 | D:8      | Reached skill level 1 in Polearms
 14066 | D:8      | Reached skill level 5 in Fighting
 14358 | D:8      | Reached skill level 4 in Dodging
 15116 | D:9      | Reached skill level 2 in Polearms
 15797 | D:9      | Found a radiant altar of Vehumet.
 15873 | D:9      | Found a staircase to the Lair.
 16079 | D:9      | Noticed Pikel
 16112 | D:9      | Killed Pikel
 16112 | D:9      | Reached skill level 5 in Dodging
 16388 | D:9      | Found a burning altar of Makhleb.
 16388 | D:9      | Found a faded altar of an unknown god.
 16394 | D:9      | Found a stormy altar of Qazlal.
 16396 | D:9      | Found a faded altar of an unknown god.
 16397 | D:9      | Found a deep blue altar of Sif Muna.
 16412 | D:9      | Became a worshipper of Sif Muna the Loreminder
 16449 | D:10     | Entered Level 10 of the Dungeon
 16506 | D:10     | Reached skill level 3 in Polearms
 16882 | D:10     | Noticed a two-headed ogre
 16902 | D:10     | Killed a two-headed ogre
 16902 | D:10     | Reached skill level 6 in Fighting
 16902 | D:10     | Reached skill level 6 in Dodging
 17311 | D:10     | Found a staircase to the Orcish Mines.
 17686 | D:10     | Reached XP level 11. HP: 48/64 MP: 2/23
 18051 | Lair:1   | Entered Level 1 of the Lair of Beasts
 18090 | Lair:1   | Reached skill level 4 in Polearms
 18090 | Lair:1   | Reached skill level 7 in Dodging
 18125 | Lair:1   | Reached skill level 1 in Shields
 18476 | Lair:1   | Reached * piety under Sif Muna
 18535 | Lair:1   | Got an encrusted ring mail
 18631 | Lair:1   | Noticed Fannar
 18642 | Lair:1   | HP: 16/64 [hippogriff (6)]
 18645 | Lair:1   | Reached skill level 2 in Shields
 18863 | Lair:1   | Killed Fannar
 19298 | Lair:1   | Reached skill level 3 in Shields
 20206 | Lair:2   | Identified the cursed +1 ring mail of Melancholy {Str+4
                  | SInv} (You found it on level 1 of the Lair of Beasts)
 20264 | Lair:2   | Reached skill level 8 in Dodging
 20591 | Lair:2   | Reached skill level 4 in Shields
 21081 | Lair:2   | Reached skill level 5 in Polearms
 21365 | Lair:2   | Reached skill level 9 in Dodging
 22300 | Lair:3   | Reached skill level 6 in Polearms
 22493 | Lair:3   | Noticed a spriggan rider
 22510 | Lair:3   | Reached XP level 12. HP: 48/69 MP: 6/24
 22671 | Lair:3   | Reached skill level 7 in Fighting
 22958 | Lair:3   | You fall through a shaft for 3 floors!
 22958 | Lair:6   | Entered Level 6 of the Lair of Beasts
 22972 | Lair:6   | Noticed a death yak
 22972 | Lair:6   | Noticed a death yak
 22973 | Lair:6   | Noticed a death yak
 22974 | Lair:6   | Noticed a death yak
 23024 | Lair:6   | Noticed a catoblepas
 23029 | Lair:6   | Noticed a seven-headed hydra
 23065 | Lair:6   | Found a runed translucent door.
 23066 | Lair:6   | Noticed an ice dragon
 23282 | Lair:6   | HP: 15/70 [torpor snail (19)]
 23283 | Lair:6   | HP: 6/70 [torpor snail (9)]
 23284 | Lair:6   | Mangled by a tyrant leech

Vault maps used:
D:1:      scummos_arrival_star
D:2:      old_standard_altar, wander_ebering_terrifying_dragon_lair
D:3:      uniq_terence, uniq_robin, uniq_grinder, uniq_crazy_yiuf_cottage,
          uniq_ijyb
D:4:      kennysheep_little_box
D:5:      minmay_skewed_foursquare, gammafunk_ghost_hive, serial_undead,
          serial_undead_f, serial_undead_d, serial_undead_d, serial_undead_c,
          serial_undead_f, serial_undead_a, first_ration, bh_walls_and_bars
D:6:      minmay_temple_entry_mist, serial_shops, shop,
          minmay_tree_intersection, uniq_duvessa
D:7:      fedhas_bush_and_centaur_altar, gammafunk_ghost_stat_death
D:8:      david_nohive_1
D:9:      lemuel_round_altar, chequers_temple_overflow_minitemple,
          david_lair_shrubbed, minmay_misc_feat_encased, uniq_pikel
D:10:     hiddenorc1_lemuel
Temple:   regret_index_temple_generic_petals
Lair:1:   minmay_stone_trees_large, grunt_megastairs_4, serial_bayou_shore_b,
          uniq_fannar
Lair:2:   serial_bayou_shore_a
Lair:3:   kb_forest_paths, elwin_shoals_entry_stream, infiniplex_staircase_pool
Lair:6:   wormcave, hangedman_lair_tendril_chambers, enter_volcano_1,
          grunt_megastairs_5, serial_bayou_shore_b, lemuel_fruit_tree,
          minmay_lair_oklob_chamber, serial_bayou_shore_b

Skill      XL: |  1  2  3  4  5  6  7  8  9 10 11 12 |
---------------+-------------------------------------+-----
Conjurations   | 2 3 4 5 6 7 9 |  9.0
Fire Magic     | 4 5 6 7 9 |  9.0
Spellcasting   | 4 5 7 |  7.0
Fighting       | 3 4 6 7 |  7.3
Translocations | 2 4 |  4.9
Dodging        | 3 6 9 |  9.4
Polearms       | 3 6 |  6.9
Shields        | 4 |  4.0
Stealth        | |  2.4

Action                   |  1- 3 |  4- 6 |  7- 9 | 10-12 || total
-------------------------+-------+-------+-------+-------++-------
Melee: Unarmed           |    11 |       |       |       ||    11
       Dagger            |    41 |    41 |       |       ||    82
       Whip              |       |    91 |   139 |       ||   230
       Trident           |       |       |   223 |   514 ||   737
 Cast: Flame Tongue      |    57 |    78 |   106 |   120 ||   361
       Sticky Flame      |       |     2 |    34 |    79 ||   115
       Conjure Flame     |       |       |     9 |     3 ||    12
       Fireball          |       |       |     1 |     3 ||     4
       Mephitic Cloud    |       |       |       |     1 ||     1
Invok: Divine Energy     |       |       |       |     7 ||     7
       Stop Divine Energ |       |       |       |     7 ||     7
Evoke: Wand              |       |       |     2 |     1 ||     3
  Use: Scroll            |       |     8 |     3 |    11 ||    22
       Potion            |       |       |     3 |       ||     3
 Stab: Sleeping          |     2 |     6 |     5 |    10 ||    23
       Distracted        |       |     1 |     2 |     3 ||     6
  Eat: Ration            |     1 |     2 |     4 |     5 ||    12
       Chunk             |     2 |     6 |    10 |    26 ||    44
Armor: Robe              |    15 |    29 |   152 |   115 ||   311
       Skin              |       |       |    31 |       ||    31
Dodge: Dodged            |    59 |   103 |   353 |   438 ||   953
Block: Buckler           |       |       |       |    57 ||    57

Table legend:
 A = Non-vault XP
 B = Vault XP
 C = Vault XP percentage of total XP
 D = Non-vault monster count
 E = Vault monster count
 F = Vault count percentage of total count
                 A         B        C        D         E       F
            +---------+---------+-------+---------+---------+-------
      Total |   16802 |    8566 |  33.8 |     282 |      85 |  23.2
            +---------+---------+-------+---------+---------+-------
        D:1 |      28 |       0 |   0.0 |      16 |       0 |   0.0
        D:2 |      63 |       3 |   4.5 |      16 |       1 |   5.9
        D:3 |     128 |      34 |  21.0 |      28 |      11 |  28.2
        D:4 |     319 |       0 |   0.0 |      22 |       0 |   0.0
        D:5 |     472 |     797 |  62.8 |      19 |      21 |  52.5
        D:6 |    1021 |       0 |   0.0 |      22 |       0 |   0.0
        D:7 |    1234 |     445 |  26.5 |      32 |       2 |   5.9
        D:8 |    1299 |     932 |  41.8 |      32 |      15 |  31.9
        D:9 |     604 |     962 |  61.4 |      17 |       2 |  10.5
       D:10 |    2678 |     178 |   6.2 |      33 |      17 |  34.0
     Lair:1 |    2070 |    1363 |  39.7 |      11 |       2 |  15.4
     Lair:2 |    4158 |       0 |   0.0 |      22 |       0 |   0.0
     Lair:3 |    2574 |    2502 |  49.3 |      10 |      10 |  50.0
     Lair:6 |     154 |    1350 |  89.8 |       2 |       4 |  66.7
            +---------+---------+-------+---------+---------+-------

Vault maps used:
D:1:      scummos_arrival_star
D:2:      old_standard_altar, wander_ebering_terrifying_dragon_lair
D:3:      uniq_terence, uniq_robin, uniq_grinder, uniq_crazy_yiuf_cottage,
          uniq_ijyb
D:4:      kennysheep_little_box
D:5:      minmay_skewed_foursquare, gammafunk_ghost_hive, serial_undead,
          serial_undead_f, serial_undead_d, serial_undead_d, serial_undead_c,
          serial_undead_f, serial_undead_a, first_ration, bh_walls_and_bars
D:6:      minmay_temple_entry_mist, serial_shops, shop,
          minmay_tree_intersection, uniq_duvessa
D:7:      fedhas_bush_and_centaur_altar, gammafunk_ghost_stat_death
D:8:      david_nohive_1
D:9:      lemuel_round_altar, chequers_temple_overflow_minitemple,
          david_lair_shrubbed, minmay_misc_feat_encased, uniq_pikel
D:10:     hiddenorc1_lemuel
Temple:   regret_index_temple_generic_petals
Lair:1:   minmay_stone_trees_large, grunt_megastairs_4, serial_bayou_shore_b,
          uniq_fannar
Lair:2:   serial_bayou_shore_a
Lair:3:   kb_forest_paths, elwin_shoals_entry_stream, infiniplex_staircase_pool
Lair:6:   wormcave, hangedman_lair_tendril_chambers, enter_volcano_1,
          grunt_megastairs_5, serial_bayou_shore_b, lemuel_fruit_tree,
          minmay_lair_oklob_chamber, serial_bayou_shore_b

Table legend:
 A = Turns spent in this place as a percentage of turns spent in the entire game.
 B = Non-inter-level travel turns spent in this place as a percentage of non-inter-level travel turns spent in the entire game.
 C = Inter-level travel turns spent in this place as a percentage of turns spent in this place.
 D = Turns resting spent in this place as a percentage of non-inter-level travel turns spent in this place.
 E = Turns spent auto-exploring this place as a percentage of non-inter-level travel turns spent in this place.
 F = Non-inter-level travel turns spent in this place divided by the number of levels of this place that you've seen.
                   A       B       C       D       E      F
               +-------+-------+-------+-------+-------+----------------------
         Total | 100.0 | 100.0 |   3.0 |  49.9 |  34.1 | 1505.6
       Dungeon |  77.3 |  77.0 |   3.4 |  51.2 |  32.7 | 1738.7
        Temple |   1.0 |   0.9 |  12.3 |   0.0 |  99.0 | 199.0
          Lair |  21.7 |  22.1 |   1.0 |  47.2 |  36.3 | 1249.5
               +-------+-------+-------+-------+-------+----------------------

Table legend:
 A = Kills in this place as a percentage of kills in entire the game.
 B = Kills by you in this place as a percentage of kills by you in the entire game.
 C = Kills by friends in this place as a percentage of kills by friends in the entire game.
 D = Other kills in this place as a percentage of other kills in the entire game.
 E = Experience gained in this place as a percentage of experience gained in the entire game.
 F = Experience gained in this place divided by the number of levels of this place that you have seen.
                   A       B       C       D       E      F
               +-------+-------+-------+-------+-------+----------------------
         Total | 100.0 | 100.0 |   N/A |   N/A | 100.0 | 1691.2
       Dungeon |  83.4 |  83.4 |   N/A |   N/A |  44.1 | 1119.7
          Lair |  16.6 |  16.6 |   N/A |   N/A |  55.9 | 3542.8
               +-------+-------+-------+-------+-------+----------------------
